 Dungeon Crawl Stone Soup version 0.31-a0-202-g547052bce9 (webtiles) character file.

Game seed: 7334645443317009754

7 CoordinateN the Chopper (level 1, 0/15 (20) HPs)
             Began as a Minotaur Berserker on June 27, 2023.
             Was a Follower of Trog.
             Slain by a frilled lizard (3 damage)
             ... on level 1 of the Dungeon.
             The game lasted 00:00:26 (117 turns).

CoordinateN the Chopper (Minotaur Berserker)         Turns: 117, Time: 00:00:26

HP:   0/15 (20)     AC:  2    Str: 21    XL:     1   Next: 83%
MP:   0/0           EV: 12    Int:  4    God:    Trog [*.....]
Gold: 0             SH:  0    Dex:  9    Spells: 0/0 levels left

rFire   . . .        a - +0 hand axe
rCold   . . .        (no shield)
rNeg    . . .        b - +0 animal skin
rPois   .            (helmet restricted)
rElec   .            (no cloak)
rCorr   .            (no gloves)
SInv    .            (no boots)
Will    .....        (no amulet)
Stlth   +            (no ring)
HPRegen 0.22/turn    (no ring)
MPRegen 0.07/turn

%: no passive effects
@: very heavily drained
A: horns 2, retaliatory headbutt
a: Renounce Religion, Berserk


You were on level 1 of the Dungeon.
You worshipped Trog.
Trog was aware of your devotion.
You visited 1 branch of the dungeon, and saw 1 of its levels.

Inventory:

Hand Weapons
 a - a +0 hand axe (weapon)
Armour
 b - a +0 animal skin (worn)
Potions
 c - a potion of magic {unknown}
 d - 2 potions of attraction {unknown}


   Skills:
 + Level 3.8 Fighting
 + Level 3.8 Axes
 + Level 2.6 Armour
 + Level 2.3 Dodging


You couldn't memorise any spells.
You didn't know any spells.
Your spell library was empty.

Dungeon Overview and Level Annotations

Branches:
Dungeon (1/15)

Altars:


Innate Abilities, Weirdness & Mutations

You have a pair of horns on your head.
You reflexively headbutt those who attack you in melee.


Message History

The quokka barely misses you.
You barely miss the goblin. You hit the quokka.
A frilled lizard comes into view.
The goblin hits you with a +1 dagger of draining.
You feel drained. The quokka closely misses you. The goblin barely misses you.
A rat comes into view.
You barely miss the quokka.
The frilled lizard hisses angrily.
You headbutt the quokka.
You kill the quokka!
Trog accepts your kill.
You barely miss the goblin.
The goblin hits you with a +1 dagger of draining.
You feel drained. The frilled lizard barely misses you.
The frilled lizard attacks as you move away!
The frilled lizard bites you.
The frilled lizard attacks as you move away!
The frilled lizard bites you.
The rat twitches its whiskers.
You barely miss the frilled lizard. You hit the goblin.
The frilled lizard barely misses you.
The goblin hits you with a +1 dagger of draining.
You feel drained.
The frilled lizard attacks as you move away!
The frilled lizard bites you.
You closely miss the frilled lizard. You barely miss the goblin.
The frilled lizard closely misses you. The goblin hits you but does no damage.
You feel drained. The frilled lizard closely misses you.
The frilled lizard attacks as you move away!
The frilled lizard bites you. The goblin attacks as you move away!
The goblin hits you with a +1 dagger of draining.
* * * LOW HITPOINT WARNING * * *
You feel drained.
* * * LOW HITPOINT WARNING * * *
The frilled lizard attacks as you move away!
The frilled lizard bites you.
You die...

∙∙∙∙∙∙∙∙∙∙▒▒ ∙▒ %∙∙∙∙∙∙∙∙∙∙▒▒
▒∙▒∙▒ ∙∙∙∙∙∙∙∙∙∙∙∙▒▒ ▒∙▒∙▒
▒▒▒ ∙∙∙∙∙∙∙∙∙∙▒%∙▒
▒∙▒∙▒▒▒▒∙∙∙∙
∙∙∙∙∙∙∙∙∙∙▒▒∙▒▒▒∙∙∙∙∙∙∙∙∙∙▒ ∙
∙∙∙∙∙∙∙∙∙∙∙∙∙∙∙∙∙∙∙∙∙∙∙∙▒∙▒▒∙


∙∙∙∙∙∙∙∙∙∙∙∙∙∙∙∙∙∙∙∙∙∙∙∙∙∙∙∙ ∙∙∙∙∙∙∙∙∙∙∙∙∙∙∙∙∙∙▒▒∙∙∙∙∙∙▒
∙∙∙∙∙∙∙∙∙∙∙∙∙∙∙∙@l∙w∙∙∙∙∙∙▒▒∙∙ ∙∙∙∙∙∙∙∙∙∙∙∙▒∙∙∙gl∙∙∙∙∙∙∙∙∙∙∙∙
∙∙∙∙∙∙∙^▒▒∙∙∙▒▒▒∙∙∙r∙∙∙∙∙∙∙∙∙∙ ∙∙∙∙∙∙∙∙ ▒∙▒∙ ▒∙∙∙∙∙∙∙∙∙∙▒∙∙∙ ∙▒∙∙∙▒▒ ▒∙∙∙
▒▒▒▒∙∙∙∙∙∙∙▒ ▒∙∙∙∙▒ ▒∙▒ ▒∙∙∙∙∙∙∙▒ ∙∙[∙∙▒ ▒∙∙∙∙∙∙∙∙▒ ∙∙∙∙∙∙ ∙∙∙∙∙∙∙∙∙∙∙▒ ∙∙∙∙∙∙
∙∙∙∙▒∙▒▒▒∙▒∙∙∙ You could see a dart slug, a goblin, 2 frilled lizards and a rat.

Vanquished Creatures
  An endoplasm (D:1)
  2 hobgoblins (D:1)
  A quokka (D:1)
  A bat (D:1)
  A frilled lizard (D:1)
6 creatures vanquished.

Notes
Turn   | Place    | Note
-------+----------+-------------------------------------------
     0 | D:1      | CoordinateN the Minotaur Berserker began the quest for the
                  | Orb.
     0 | D:1      | Reached XP level 1. HP: 19/19 MP: 0/0
   117 | D:1      | Slain by a frilled lizard

Illustrated notes

Levels and vault maps discovered:
D:1:      lightli_arrival_boilingwater, layout_rooms

Action                     || total
---------------------------++-------
  Melee: Hand axe          ||    20
         Headbutt          ||     2
 Armour: Animal skin       ||     5
  Dodge: Dodged            ||    13

Table legend: (Time is in decaauts)
 A = Elapsed time spent in this place.
 B = Non-inter-level travel time spent in this place.
 C = Inter-level travel time spent in this place.
 D = Time resting spent in this place.
 E = Time spent auto-exploring this place.
 F = Levels seen in this place.
 G = Mean time per level.
                   A        B        C        D        E       F      G
               +--------+--------+--------+--------+--------+-----+--------+
         Total |    121 |    121 |      0 |      0 |     68 |   1 |  121.0 |
       Dungeon |    121 |    121 |      0 |      0 |     68 |   1 |  121.0 |
               +--------+--------+--------+--------+--------+-----+--------+

Top non-repeatable levels by time:
     D:1: 121 daAuts
